 Dungeon Crawl Stone Soup version 0.30-a0-857-gcaf70739d4 (webtiles) character file.

Game seed: 8789280763908608572

13248 Esekla the Carver (level 12, -2/82 HPs)
             Began as an Octopode Delver on Mar 3, 2023.
             Was an Initiate of Gozag.
             Slain by a large abomination (22 damage)
             ... on level 2 of the Abyss on Mar 6, 2023.
             The game lasted 01:11:12 (9540 turns).

Esekla the Carver (Octopode Delver)                 Turns: 9540, Time: 01:11:12

Health: -2/82      AC:  3    Str: 11    XL:     12   Next: 4%
Magic:  21/21      EV: 15    Int: 23    God:    Gozag
Gold:   443        SH:  0    Dex: 14    Spells: 12/23 levels left

rFire   . . .      SeeInvis +    a - +0 long sword (elec)
rCold   . . .      Faith    .    (no shield)
rNeg    . . .      Spirit   .    w - +2 hat
rPois   .          Reflect  .    q - amulet of regeneration
rElec   .          Rampage  .    y - ring of wizardry
rCorr   +                        z - ring of resist corrosion
Will    .....                    H - +4 ring of slaying
Stlth   +++++                    S - ring of see invisible
HPRegen 1.13/turn                O - +6 ring of intelligence
MPRegen 0.17/turn                (no ring)
                                 (no ring)
                                 (no ring)

@: gold aura
A: almost no armour, amphibious, 8 rings, camouflage 1, gelatinous body 1,
(nimble swimmer 1), tentacles
a: Renounce Religion, Potion Petition, Call Merchant, Bribe Branch


You were on level 2 of the Abyss.
You worshipped Gozag.
Gozag was aware of your devotion.
You visited 3 branches of the dungeon, and saw 13 of its levels.
You visited the Abyss 1 time.
You also visited: Volcano.

You collected 2366 gold pieces.
You spent 735 gold pieces at shops.
You paid 1188 gold pieces to Gozag.

Inventory:

Hand Weapons
 a - a +0 long sword of electrocution (weapon)
 g - a +0 dagger of protection
 s - the +0 dagger of Triumph {heavy, rElec Will+}
   (You bought it in a shop on level 6 of the Dungeon)

   rElec:     It insulates you from electricity.
   Will:      It increases your willpower.
Missiles
 x - a throwing net
 K - a boomerang
 P - 17 poisoned darts (quivered)
Armour
 w - a +2 hat (worn)
Jewellery
 q - an amulet of regeneration (around mantle)
 y - a ring of wizardry (left tentacle)
 z - a ring of resist corrosion (right tentacle)
 H - a +4 ring of slaying (on tentacle)
 O - a +6 ring of intelligence (on tentacle)
 S - a ring of see invisible (on tentacle)
Wands
 f - a wand of digging (5)
 L - a wand of iceblast (15)
 Q - a wand of paralysis (12)
Scrolls
 b - 2 scrolls of fog
 c - a scroll of magic mapping
 d - 3 scrolls of fear
 h - 3 scrolls of torment {unknown}
 i - a scroll of poison {unknown}
 j - 2 scrolls of summoning {unknown}
 k - 3 scrolls of vulnerability {unknown}
 l - 5 scrolls of teleportation
 p - a scroll of enchant weapon {unknown}
 r - 2 scrolls of blinking {unknown}
 B - 2 scrolls of amnesia {unknown}
 D - a scroll of brand weapon {unknown}
 G - a scroll of noise {unknown}
 J - 2 scrolls of immolation {unknown}
 M - 3 scrolls of enchant armour {unknown}
Potions
 e - 4 potions of haste
 m - 2 potions of ambrosia
 n - 4 potions of heal wounds
 o - a potion of degeneration {unknown}
 t - 3 potions of might
 u - 2 potions of curing
 v - a potion of cancellation
 A - 3 potions of flight
 C - a potion of berserk rage
 E - 2 potions of mutation {unknown}
 F - 4 potions of brilliance
 I - a potion of invisibility
 T - a potion of resistance


   Skills:
 * Level 7.7 Fighting
 + Level 2.6(7.1) Short Blades
 * Level 10.3(10.5) Long Blades
 + Level 2.6 Throwing
 * Level 6.3 Dodging
 - Level 10.1 Stealth
 * Level 6.0 Spellcasting
 + Level 3.8 Conjurations
 + Level 4.5 Necromancy
 * Level 2.1 Ice Magic
 + Level 4.7 Air Magic
 + Level 4.2 Poison Magic
 + Level 0.8 Evocations


You had 12 spell levels left.
You knew the following spells:

 Your Spells              Type           Power      Damage    Failure   Level
c - Mephitic Cloud        Conj/Pois/Air  26%        N/A       1%          3
p - Apportation           Tloc           12%        N/A       3%          1
r - Frozen Ramparts       Ice            32%        1d5       4%          3
u - Dispel Undead         Necr           27%        3d13      5%          4

Your spell library contained the following spells:

 Spells                   Type           Power      Damage    Failure   Level
 Freeze                   Ice            64%        1d7       1%          1
 Kiss of Death            Conj/Necr      100%       2d13      1%          1
 Magic Dart               Conj           96%        1d7       1%          1
 Necrotise                Necr           100%       1d9       1%          1
 Summon Small Mammal      Summ           24%        N/A       3%          1
 Hailstorm                Conj/Ice       20%        3d6       3%          3
 Call Imp                 Summ           6%         N/A       5%          2
 Confusing Touch          Hex            6%         N/A       11%         3


Dungeon Overview and Level Annotations

Branches:
Dungeon (10/15)            Temple (1/1) D:5            Lair (2/5) D:10
 Shoals (0/4) Lair:2          Orc (0/2) D:9         Volcano (visited)
  Snake: Lair:2-3    Spider: Lair:2-3

Altars:
Ashenzari
Cheibriados
Dithmenos
Fedhas
Gozag
Hepliaklqana
Kikubaaqudgha
Makhleb
Nemelex Xobeh
Okawaru
Ru
Sif Muna
Trog
Uskayaw
Wu Jian
Xom
Yredelemnul
Zin
The Shining One

Shops:
D:6 (   D:10 (

Portals:
Abyss: D:10

Annotations:
D:2 1 runed translucent door, Crazy Yiuf
D:3 3 runed translucent doors, Darkkill's ghost, amateur MiHu
D:6 2 transporters, Iamsock's ghost, novice GnWn
D:10 2 transporters, patfeehan111222's ghost, journeyman MiBe


Innate Abilities, Weirdness & Mutations

You cannot wear most types of armour.
You are amphibious.
You can wear up to eight rings at the same time.
Your skin changes colour to match your surroundings (Stealth+).
Your rubbery body absorbs attacks. (AC +1, EV +1)
((You are camouflaged when in or above water. (Stealth+)))
You have tentacles for arms and can constrict up to eight enemies at once.


Message History

Magic restored.
You start resting.
A raiju comes into view.
You catch the helpless raiju completely off-guard!
You slash the raiju! You grab the raiju.
The raiju is moderately wounded.
You constrict the raiju.
The raiju bursts into living lightning!
The living lightning misses you.
The raiju struggles to blink free from constriction.
You hit the raiju.
The raiju is heavily wounded.
You constrict the raiju, but do no damage.
The raiju bites you. The raiju shocks you!
You completely miss the raiju.
The raiju is heavily wounded.
You constrict the raiju, but do no damage.
The raiju bites you. The raiju shocks you!
Your +0 long sword of electrocution stops crackling.
s - the +0 dagger of Triumph (weapon)
{heavy, rElec Will+} You constrict the raiju.
The raiju bites you!
* * * LOW HITPOINT WARNING * * *
The raiju shocks you. You resist.
* * * LOW HITPOINT WARNING * * *
You hit the raiju but do no damage.
The raiju is heavily wounded.
You constrict the raiju. You hit the raiju. You squeeze the raiju.
The raiju is severely wounded.
You constrict the raiju. The raiju closely misses you.
You hit the raiju.
You squeeze the raiju, but do no damage.
The raiju is almost dead.
You constrict the raiju.
You kill the raiju!
You hear the crackle of electricity.
a - a +0 long sword of electrocution (weapon)
The large abomination hits you!!
You die...
Your body crumbles into a pile of gold.

#..##.
.#. # #.
##..#.
..#.# #
.#..§ .#
# . # .
. §# ~
#.#.
...*## .
##
.#..##.
#. . #
## ..##
..# .
####X#.#
# . #
#@## ..
# . ###
.# . . #
# . #.
#. . #
.# .. .
#. # #
.# # # .
##


You could see a large abomination.

Vanquished Creatures
  Josephine (D:10)
  A two-headed ogre (D:10)
  3 wizards (Volcano)
  3 elephants
  2 toenail golems (Volcano)
  2 cane toads
  2 trolls (D:10)
  2 hornets
  3 raiju (Abyss:2)
  3 wraiths (D:10)
  2 shadows (D:9)
  11 yaks
  2 steam dragons
  An acid dragon (D:8)
  3 water moccasins
  7 orc warriors
  A black bear (D:6)
  A sky beast (D:7)
  An ogre (D:4)
  2 phantoms
  2 centaurs
  2 kobold brigands
  3 bullfrogs
  5 scorpions
  21 killer bees
  An electric eel (D:7)
  4 howler monkeys (D:8)
  3 jellies
  11 orc priests
  2 hounds
  4 iguanas
  9 orc wizards
  7 gnolls
  2 adders (D:2)
  A shadow imp (D:7)
  A white imp (D:6)
  An ufetubus (D:6)
  2 dart slugs
  65 orcs
  9 ball pythons
  8 endoplasms
  3 giant cockroaches
  5 hobgoblins
  3 jackals (D:4)
  5 bats
  5 frilled lizards
  8 goblins
  19 kobolds
  6 rats
270 creatures vanquished.

Vanquished Creatures (collateral kills)
  A killer bee (D:9)
1 creature vanquished.

Vanquished Creatures (others)
  2 fungi
  A lurking horror (Abyss:2)
  13 plants
16 creatures vanquished.

Grand Total: 287 creatures vanquished

Notes
Turn   | Place    | Note
-------+----------+-------------------------------------------
     0 | D:5      | Esekla the Octopode Delver began the quest for the Orb.
     0 | D:5      | Reached XP level 1. HP: 16/16 MP: 1/1
     2 | D:5      | Noticed a jelly
    22 | D:5      | Noticed an iguana
    55 | D:5      | Noticed an iguana
    78 | Temple   | Entered the Ecumenical Temple
   111 | Temple   | Became a worshipper of Gozag Ym Sagoz the Greedy
   145 | D:5      | Noticed a hound
   361 | D:4      | Noticed a phantom
   519 | D:3      | Reached XP level 2. HP: 21/21 MP: 2/2
   795 | D:2      | Reached XP level 3. HP: 23/26 MP: 3/3
  1169 | D:1      | Reached skill level 1 in Poison Magic
  1258 | D:1      | Found a faded altar of an unknown god.
  1358 | D:1      | Reached XP level 4. HP: 31/31 MP: 5/5
  1814 | D:2      | Learned a level 1 spell: Apportation
  1818 | D:2      | Learned a level 3 spell: Mephitic Cloud
  1935 | D:2      | Found a runed translucent door.
  1936 | D:2      | Noticed Crazy Yiuf
  2180 | D:3      | Found a sacrificial altar of Ru.
  2195 | D:3      | Found a runed translucent gate.
  2196 | D:3      | Noticed Darkkill's ghost (amateur MiHu)
  2197 | D:3      | Found a runed translucent gate.
  2197 | D:3      | Found a runed translucent gate.
  2197 | D:3      | Noticed a kobold brigand
  2300 | D:3      | Identified the +0 robe "Ottoxtem" {rPois rC- rN+}
  2340 | D:3      | Identified the +1 ring mail of the Sacrificial Victim
                  | {Regen+}
  2651 | D:4      | Reached skill level 1 in Spellcasting
  2651 | D:4      | Reached skill level 1 in Conjurations
  2743 | D:4      | Reached XP level 5. HP: 36/36 MP: 2/7
  3049 | D:4      | Killed a phantom
  3050 | D:4      | Reached XP level 6. HP: 22/42 MP: 8/8
  3326 | D:4      | Reached skill level 1 in Air Magic
  3520 | D:5      | Reached XP level 7. HP: 46/46 MP: 9/9
  3546 | D:5      | Found a broken altar of Ashenzari.
  3883 | D:5      | Reached XP level 8. HP: 54/54 MP: 11/11
  4146 | D:6      | Reached skill level 5 in Long Blades
  4468 | D:6      | Found a transporter.
  4468 | D:6      | Noticed Iamsock's ghost (novice GnWn)
  4469 | D:6      | Found a transporter.
  4758 | D:6      | Reached XP level 9. HP: 28/60 MP: 11/14
  4906 | D:6      | Bought a pitted dagger for 189 gold pieces
  4906 | D:6      | Identified the +0 dagger of Triumph {heavy, rElec Will+}
                  | (You bought it in a shop on level 6 of the Dungeon)
  4918 | D:6      | Bought a runed scimitar for 189 gold pieces
  4973 | D:7      | Noticed a hornet
  4996 | D:6      | Bought a runed long sword for 175 gold pieces
  5036 | D:7      | Paralysed by a hornet for 1 turns
  5037 | D:7      | Killed a hornet
  5038 | D:7      | Reached skill level 5 in Fighting
  5326 | D:7      | Found the Hermit's Pendant {Faith Invo=14 Evo=0 MP+5}
  5473 | D:7      | Reached skill level 1 in Short Blades
  5818 | D:7      | Found a burning altar of Makhleb.
  6294 | D:8      | Found a bloodstained altar of Trog.
  6614 | D:8      | Upgraded the game from 0.30-a0-845-g7c6808c8ce to
                  | 0.30-a0-847-g17996783a1
  6672 | D:8      | Reached XP level 10. HP: 57/68 MP: 13/16
  6933 | D:9      | Reached skill level 1 in Necromancy
  7289 | D:9      | Reached skill level 5 in Dodging
  7350 | D:9      | Found a staircase to the Orcish Mines.
  7563 | D:9      | Reached skill level 1 in Throwing
  7856 | D:10     | Entered Level 10 of the Dungeon
  7912 | D:10     | Found a staircase to the Lair.
  8023 | D:10     | Noticed Josephine
  8041 | D:10     | Killed Josephine
  8042 | D:10     | Reached XP level 11. HP: 26/74 MP: 16/18
  8086 | D:10     | Learned a level 4 spell: Dispel Undead
  8125 | D:10     | Noticed a two-headed ogre
  8129 | D:10     | Killed a two-headed ogre
  8280 | D:10     | Found a transporter.
  8320 | D:10     | Found a one-way gate to the infinite horrors of the Abyss.
  8320 | D:10     | Noticed patfeehan111222's ghost (journeyman MiBe)
  8343 | D:10     | Found a transporter.
  8391 | D:10     | Noticed a wizard
  8562 | D:10     | Reached skill level 5 in Spellcasting
  8871 | D:10     | Bought a runed long sword for 182 gold pieces
  8951 | D:10     | Upgraded the game from 0.30-a0-847-g17996783a1 to
                  | 0.30-a0-857-gcaf70739d4
  8953 | Lair:1   | Entered Level 1 of the Lair of Beasts
  9004 | D:10     | Reached skill level 10 in Stealth
  9087 | Lair:2   | Learned a level 3 spell: Frozen Ramparts
  9236 | Lair:1   | Found a dark tunnel.
  9244 | Lair:1   | Reached skill level 10 in Long Blades
  9296 | Volcano  | Entered a volcano
  9298 | Volcano  | Noticed a wizard
  9312 | Volcano  | Killed a wizard
  9313 | Volcano  | Reached skill level 1 in Ice Magic
  9330 | Volcano  | Noticed a wizard
  9334 | Volcano  | Killed a wizard
  9345 | Volcano  | Noticed a wizard
  9351 | Volcano  | Killed a wizard
  9393 | Volcano  | Noticed a wizard
  9396 | Volcano  | Noticed a wizard
  9397 | Abyss:2  | Cast into level 2 of the Abyss (a wizard)
  9398 | Abyss:2  | Found a corrupted altar of Lugonu.
  9510 | Abyss:2  | Reached XP level 12. HP: 82/82 MP: 17/21
  9540 | Abyss:2  | Slain by a large abomination

Illustrated notes

Levels and vault maps discovered:
D:1:      evilmike_arrival_fibonacci_small, layout_rooms,
          shapermc_ecumenical_altar_petra, minmay_3d_cube
D:2:      layout_loops_ring, minmay_hexomino_u4, uniq_crazy_yiuf_cottage
D:3:      layout_basic, lemuel_doored_altar, gammafunk_ghost_nasty_kobolds
D:4:      layout_loops_cross
D:5:      layout_rooms, ashenzari_altar_1, minmay_temple_entry_statues_fountains
D:6:      layout_basic, gammafunk_ghost_smash
D:7:      layout_basic, mainiacjoe_overflow_boulevard, serial_bayou_lagoon_a,
          kennysheep_generic_room_12
D:8:      layout_basic, lemuel_crystal_altar
D:9:      corexii_shack_village, layout_basic, hiddenorc1_lemuel
D:10:     layout_loops_ring, lair_entry_dummy, gammafunk_ghost_abyssal_escape,
          uniq_josephine
Temple:   nicolae_temple_bog_church
Lair:1:   layout_loops_ring, gammafunk_ghost_ooze, nicolae_volcano_entry_s_turn,
          fungi_pond_lemuel, minivault_19, st_stairs_5,
          grunt_forest_large_clearing_hut
Lair:2:   layout_roguey, elwin_shoals_entry_rooms, infiniplex_staircase_pool_2
Abyss:2:  base:
D:12
Volcano:  volcano_bunker

Skill      XL: |  1  2  3  4  5  6  7  8  9 10 11 |
---------------+----------------------------------+-----
Stealth        | 7 8 9 10 | 10.1
Poison Magic   | 1 2 3 4 |  4.2
Spellcasting   | 1 2 3 4 6 |  6.0
Conjurations   | 1 2 3 |  3.8
Long Blades    | 3 4 5 7 9 10 | 10.3
Air Magic      | 1 2 4 |  4.7
Dodging        | 3 4 5 6 |  6.3
Fighting       | 4 5 6 7 |  7.7
Short Blades   | 1 2 |  2.6
Necromancy     | 3 4 |  4.5
Throwing       | 1 2 |  2.6
Ice Magic      | 2 |  2.1
Evocations     | |  0.8

Action                     |  1- 3 |  4- 6 |  7- 9 | 10-12 || total
---------------------------+-------+-------+-------+-------++-------
  Melee: Falchion          |    62 |    78 |    76 |       ||   216
         Tentacles         |     8 |    15 |    51 |    57 ||   131
         Constrict         |    11 |    19 |    49 |    42 ||   121
         Dagger            |     5 |    14 |    50 |    23 ||    92
         Punch             |       |       |     1 |     5 ||     6
         Long sword        |       |       |    72 |   202 ||   274
  Throw: Dart              |       |       |     2 |    57 ||    59
         Throwing net      |       |       |     1 |     1 ||     2
         Boomerang         |       |       |       |     6 ||     6
   Cast: Mephitic Cloud    |       |     4 |    12 |    29 ||    45
         Dispel Undead     |       |       |       |     4 ||     4
         Frozen Ramparts   |       |       |       |     2 ||     2
 Invoke: Call Merchant     |       |       |     1 |     1 ||     2
  Evoke: Wand              |       |       |       |     5 ||     5
    Use: Scroll            |       |     1 |       |    16 ||    17
         Potion            |       |       |       |     2 ||     2
   Stab: Sleeping          |    17 |     9 |    13 |     6 ||    45
         Distracted        |     1 |       |     3 |     3 ||     7
         Confused          |       |     1 |     5 |    16 ||    22
 Armour: Skin              |     4 |     8 |    17 |    16 ||    45
  Dodge: Dodged            |    30 |    56 |    98 |   138 ||   322

Table legend: (Time is in decaauts)
 A = Elapsed time spent in this place.
 B = Non-inter-level travel time spent in this place.
 C = Inter-level travel time spent in this place.
 D = Time resting spent in this place.
 E = Time spent auto-exploring this place.
 F = Levels seen in this place.
 G = Mean time per level.
                   A        B        C        D        E       F      G
               +--------+--------+--------+--------+--------+-----+--------+
         Total |   9553 |   9184 |    369 |   1054 |   3211 |  15 |  636.9 |
       Dungeon |   8965 |   8613 |    352 |    989 |   3193 |  10 |  896.5 |
        Temple |     50 |     33 |     17 |      0 |     18 |   1 |   50.0 |
          Lair |    299 |    299 |      0 |     53 |      0 |   2 |  149.5 |
         Abyss |    140 |    140 |      0 |      6 |      0 |   1 |  140.0 |
       Volcano |     97 |     97 |      0 |      6 |      0 |   1 |   97.0 |
               +--------+--------+--------+--------+--------+-----+--------+

Top non-repeatable levels by time:
     D:4: 1145 daAuts
    D:10: 1141 daAuts
     D:9: 1110 daAuts
     D:7: 983 daAuts
     D:2: 952 daAuts
     D:6: 874 daAuts
     D:8: 816 daAuts
     D:3: 684 daAuts
     D:5: 655 daAuts
     D:1: 599 daAuts
  Lair:1: 247 daAuts
 Abyss:2: 140 daAuts
 Volcano: 97 daAuts
  Lair:2: 52 daAuts
  Temple: 50 daAuts
